 Dungeon Crawl Stone Soup version 0.30-a0-137-gd8773701ce (webtiles) character file.

Game seed: 18238659236378728446

595 BigDaddyOpFi the Trooper (level 7, -3/62 HPs)
             Began as a Black Draconian Berserker on Sept 22, 2022.
             Was a Priest of Trog.
             Killed from afar by Sigmund (14 damage)
             ... with a puff of flame
             ... on level 4 of the Dungeon.
             The game lasted 00:05:01 (3726 turns).

BigDaddyOpFi the Trooper (DrBe)                     Turns: 3726, Time: 00:05:01

Health: -3/62      AC:  6    Str: 27    XL:     7   Next: 16%
Magic:  7/7        EV: 13    Int:  8    God:    Trog [***...]
Gold:   137        SH:  0    Dex: 10    Spells: 6/6 levels left

rFire   . . .      SeeInvis .    a - +0 mace
rCold   . . .      Faith    .    (no shield)
rNeg    + . .      Spirit   .    (body armour unavailable)
rPois   +          Reflect  .    (helmet restricted)
rElec   +          Harm     .    (no cloak)
rCorr   .          Rampage  .    (no gloves)
Will    .....                    (no boots)
Stlth   +.........               (no amulet)
HPRegen 0.20/turn                d - +6 ring of strength
MPRegen 0.10/turn                i - ring "Hiditaro" {rPois rN+}

@: on berserk cooldown, hasted and slowed
A: breathe lightning, AC +6, unfitting armour, electricity resistance,
cold-blooded
a: Breathe Lightning, Renounce Religion, Berserk, Trog's Hand


You were on level 4 of the Dungeon.
You worshipped Trog.
Trog was most pleased with you.
You visited 1 branch of the dungeon, and saw 4 of its levels.

You collected 137 gold pieces.

Inventory:

Hand Weapons
 a - a +0 mace (weapon)
 j - a +1 mace of protection
Jewellery
 d - a +6 ring of strength (left hand)
 g - a ring of fire
 i - the ring "Hiditaro" (right hand) {rPois rN+}
   (You found it on level 2 of the Dungeon)

   [ring of poison resistance]

   rPois:     It protects you from poison.
   rN:        It protects you from negative energy.
 q - a ring of protection from fire
Scrolls
 b - a scroll of teleportation {@r2}
 e - a scroll of amnesia
 l - a scroll of vulnerability {unknown}
 m - 2 scrolls of immolation {unknown}
Potions
 c - a potion of might {unknown}
 f - 2 potions of brilliance {unknown}
 h - 2 potions of mutation {unknown}
 k - a potion of berserk rage {unknown}
 n - a potion of resistance {unknown}
 o - a potion of attraction {unknown}
 p - a potion of curing {unknown}


   Skills:
 + Level 5.8 Fighting
 + Level 5.3 Maces & Flails
 + Level 4.9 Dodging


You had 6 spell levels left.
You didn't know any spells.
Your spell library was empty.

Dungeon Overview and Level Annotations

Branches:
Dungeon (4/15)
 Temple: D:4-7

Altars:

Shops:
D:2 !

Annotations:
D:4 Sigmund


Innate Abilities, Weirdness & Mutations

You can breathe wild blasts of lightning.
Your glossy black scales are hard. (AC +6)
You cannot fit into any form of body armour.
You are resistant to electric shocks. (rElec)
You are cold-blooded and may be slowed by cold attacks.


Message History

You barely miss the orc. You thump the orc!
You kill the orc!
Trog accepts your kill. The orc closely misses you. The orc barely misses you.
The orc hits you but does no damage.
You sock the orc!
You kill the orc!
Trog accepts your kill. The orc barely misses you. The orc closely misses you.
You sock the orc!
You kill the orc!
Trog accepts your kill. The orc hits you with a +0 scythe!
You sock the orc!
You kill the orc!
Trog accepts your kill.
You start resting.
You are no longer berserk.
You are exhausted.
You feel yourself slow down.
You start resting.
Sigmund the Dreaded comes into view.
He is wielding a +0 scythe.
Sigmund is nearby!
Sigmund is nearby!
You feel yourself speed up.
Sigmund casts a spell.
Sigmund flickers and vanishes!
Deactivating autopickup; reactivate with Ctrl-A.
Something tries to affect you, but you resist.
Things that are here:
a +0 scythe; a +0 robe A puff of flame appears from out of thin air!
The puff of flame hits you!
* * * LOW HITPOINT WARNING * * *
Items here: )) [[ ††.
j - a +1 mace of protection A puff of flame appears from out of thin air!
The puff of flame hits you!
You die...

.... .##. ...##.......
......## ...........
........ ...........
.......# ...:......
........ ####.........
....##..####.#..........
........................
..###.##........@.......
...##.##..).............
...##.#..))..).[)####...
..............).....# .
###..###....)).........
#.##.>...{...........
......................
...........#...........
...........#...........


There were no monsters in sight!

Vanquished Creatures
  Grinder (D:4)
  Eustachio (D:4)
  A hound (D:4)
  A jelly (D:3)
  An iguana (D:4)
  3 gnolls (D:3)
  3 adders
  A worm (D:2)
  3 dart slugs
  9 orcs
  8 endoplasms
  5 giant cockroaches
  12 goblins
  9 hobgoblins
  3 jackals (D:3)
  14 kobolds
  4 quokkas
  13 ball pythons
  4 bats
  3 frilled lizards
  6 rats
105 creatures vanquished.

Notes
Turn   | Place    | Note
-------+----------+-------------------------------------------
     0 | D:1      | BigDaddyOpFi the Draconian Berserker began the quest for
                  | the Orb.
     0 | D:1      | Reached XP level 1. HP: 19/19 MP: 1/1
   257 | D:1      | Reached XP level 2. HP: 20/26 MP: 2/2
   666 | D:1      | Found a faded altar of an unknown god.
   791 | D:1      | Reached XP level 3. HP: 15/33 MP: 3/3
  1594 | D:2      | Identified the ring "Hiditaro" {rPois rN+}
  1740 | D:2      | Reached ** piety under Trog
  1761 | D:2      | Found Nabbox's Distillery.
  2147 | D:2      | Reached XP level 4. HP: 35/40 MP: 4/4
  2855 | D:3      | Reached XP level 5. HP: 43/47 MP: 5/5
  3492 | D:4      | Noticed Grinder
  3506 | D:4      | Killed Grinder
  3507 | D:4      | Reached skill level 5 in Fighting
  3507 | D:4      | Reached XP level 6. HP: 56/56 MP: 6/6
  3636 | D:4      | Reached skill level 5 in Maces & Flails
  3636 | D:4      | Noticed Eustachio
  3648 | D:4      | Killed Eustachio
  3649 | D:4      | Your scales start taking on a glossy black colour.
  3649 | D:4      | Reached XP level 7. HP: 62/62 MP: 7/7
  3649 | D:4      | Gained mutation: You are resistant to electric shocks.
                  | (rElec) [Black Draconian growth]
  3698 | D:4      | Reached *** piety under Trog
  3719 | D:4      | Noticed Sigmund
  3726 | D:4      | Killed from afar by Sigmund

Illustrated notes

Levels and vault maps discovered:
D:1:      ncdulo_halloftheorcs, layout_loops_cross,
          shapermc_ecumenical_altar_rom_forum
D:2:      layout_basic, serial_shops, shop_fountains
D:3:      minmay_skewed_foursquare, layout_basic, nicolae_figureground_sparkle
D:4:      layout_cave_pools, mainiacjoe_overflow_brackets,
          nicolae_overflow_quartered_altars, sigmund_army, uniq_eustachio,
          uniq_grinder

Skill      XL: |  1  2  3  4  5  6 |
---------------+-------------------+-----
Dodging        | 3 4 |  4.9
Fighting       | 4 5 |  5.8
Maces & Flails | 4 5 |  5.3

Action                   |  1- 3 |  4- 6 |  7- 9 || total
-------------------------+-------+-------+-------++-------
Melee: Mace              |   115 |   119 |    20 ||   254
       Tailslap          |    11 |    13 |     1 ||    25
       Punch             |     1 |     2 |       ||     3
Invok: Berserk           |       |     4 |     1 ||     5
 Abil: Breathe Lightning |       |       |     1 ||     1
  Use: Scroll            |     1 |     2 |       ||     3
       Potion            |       |       |     1 ||     1
 Stab: Sleeping          |     1 |       |       ||     1
Armor: Skin              |    42 |    31 |     7 ||    80
Dodge: Dodged            |    89 |    95 |    25 ||   209

Table legend: (Time is in decaauts)
 A = Elapsed time spent in this place.
 B = Non-inter-level travel time spent in this place.
 C = Inter-level travel time spent in this place.
 D = Time resting spent in this place.
 E = Time spent auto-exploring this place.
 F = Levels seen in this place.
 G = Mean time per level.
                   A        B        C        D        E       F      G
               +--------+--------+--------+--------+--------+-----+--------+
         Total |   3806 |   3688 |    118 |    760 |   2342 |   4 |  951.5 |
       Dungeon |   3806 |   3688 |    118 |    760 |   2342 |   4 |  951.5 |
               +--------+--------+--------+--------+--------+-----+--------+

Top non-repeatable levels by time:
     D:1: 1349 daAuts
     D:2: 1056 daAuts
     D:3: 1038 daAuts
     D:4: 361 daAuts
